 Dungeon Crawl Stone Soup version 0.31-a0-1098-g6898e6545c (webtiles) character file.

Game seed: 12319340042916041028

108882 dethox the Warrior (level 16, 0/128 HPs)
             Began as a Demonspawn Berserker on Nov 29, 2023.
             Was a Priest of Trog.
             Slain by an alligator (17 damage)
             ... called by a spriggan druid
             ... on level 1 of the Swamp on Nov 30, 2023.
             The game lasted 01:26:28 (22713 turns).

dethox the Warrior (Demonspawn Berserker)          Turns: 22713, Time: 01:26:29

Health: 0/128      AC: 34    Str: 29    XL:     16   Next: 3%
Magic:  0/16       EV:  8    Int: 14    God:    Trog [***...]
Gold:   820        SH:  4    Dex: 16    Spells: 15/15 levels left

rFire   + . .        T - +6 broad axe of Niadgh {drain, rElec Int+2}
rCold   + . .        j - +0 buckler {rC+}
rNeg    . . .        F - +8 plate armour {rF+}
rPois   .            G - +1 helmet
rElec   +            q - +0 cloak
rCorr   +            m - +2 pair of gloves
SInv    .            I - +2 pair of boots
Will    +++..        Z - amulet of faith Stlth
                     W - ring of resist corrosion
HPRegen 1.41/turn    c - +6 ring of strength
MPRegen 0.30/turn

%: guardian spirit, faith
@: lethally poisoned (0 -> -13), strong-willed, on berserk cooldown,
regenerating, slowed, studying Fighting, very slow
A: thin skeletal structure 2, spiny 2, magic shield, magic regeneration,
weakness stinger 2, frail 1
a: Renounce Religion, Berserk, Trog's Hand


You were on level 1 of the Swamp.
You worshipped Trog.
Trog was most pleased with you.
You visited 5 branches of the dungeon, and saw 21 of its levels.
You also visited: Sewer and Volcano.

You collected 2771 gold pieces.
You spent 1951 gold pieces at shops.

Inventory:

Hand Weapons
 g - a +6 antimagic broad axe
 T - the +6 broad axe of Niadgh (weapon) {drain, rElec Int+2}
   (You bought it in a shop on level 7 of the Dungeon)

   Int+2:     It affects your intelligence (+2).
   rElec:     It insulates you from electricity.
Missiles
 r - 6 datura-tipped darts (quivered)
 y - 4 throwing nets
Armour
 j - a +0 buckler of cold resistance (worn)
 m - a +2 pair of gloves (worn)
 q - a +0 cloak (worn)
 z - a scarf of harm
 F - a +8 plate armour of fire resistance (worn)
 G - a +1 helmet (worn)
 I - a +2 pair of boots (worn)
 M - a scarf of invisibility
Jewellery
 c - a +6 ring of strength (right hand)
 u - a ring of ice
 E - a ring of positive energy
 N - an amulet of the acrobat
 Q - an amulet of magic regeneration
 U - a ring of protection from cold
 V - a ring of flight
 W - a ring of resist corrosion (left hand)
 Z - an amulet of faith (around neck)
Wands
 a - a wand of polymorph (1)
 f - a wand of quicksilver (4)
Scrolls
 d - a scroll of identify
 e - a scroll of revelation {unknown}
 h - 2 scrolls of immolation
 i - 4 scrolls of summoning
 n - 2 scrolls of poison
 o - 3 scrolls of amnesia
 t - 3 scrolls of fear
 v - 4 scrolls of fog
 w - 3 scrolls of blinking
 A - 3 scrolls of vulnerability
 C - a scroll of enchant weapon
 L - 4 scrolls of teleportation
 P - a scroll of brand weapon
Potions
 b - 6 potions of curing
 k - 3 potions of magic
 l - 2 potions of resistance
 p - 9 potions of might
 s - 3 potions of berserk rage
 J - 3 potions of haste
 S - 5 potions of enlightenment
 X - 2 potions of heal wounds


   Skills:
 * Level 18.2 Fighting
 * Level 17.8 Axes
 + Level 11.3 Armour
 - Level 1.9 Dodging


You had 15 spell levels left.
You didn't know any spells.
Your spell library was empty.

Dungeon Overview and Level Annotations

Branches:
Dungeon (14/15)            Temple (1/1) D:4            Lair (3/5) D:8
  Swamp (1/4) Lair:3        Snake (0/4) Lair:3          Orc (2/2) D:9
    Elf (0/3) Orc:2        Vaults (0/5) D:14          Sewer (visited)
Volcano (visited)

Altars:
Ashenzari
Cheibriados
Dithmenos
Fedhas
Gozag
Hepliaklqana
Kikubaaqudgha
Makhleb
Nemelex Xobeh
Okawaru
Qazlal
Ru
Sif Muna
Trog
Uskayaw
Vehumet
Wu Jian
Xom
Yredelemnul

Shops:
D:7 (   Orc:2 ***:(*


Innate Abilities, Weirdness & Mutations

You have a moderately thin skeletal structure. (Dex +4, Stealth++)
You are mostly covered in sharp spines.
When hurt, damage is shared between your health and your magic reserves.
You regenerate magic rapidly.
You have a tail ending in a sharp stinger.
You are frail. (-10% HP)


Message History

You are more poisoned.
You feel very sick.
You slice the alligator!! You drain the alligator.
You tail-slap the alligator!!
The alligator is severely wounded.
You are engulfed in poison gas.
You are more poisoned.
You feel very sick. The alligator bites you!!
The alligator tail-slaps you but does no damage.
You closely miss the alligator. You tail-slap the alligator!
The alligator is almost dead.
You are engulfed in poison gas.
You are more poisoned.
You feel very sick.
You slash the alligator!
You kill the alligator!
Trog accepts your kill.
You slice the swamp dragon!!
You are engulfed in poison gas.
You are more poisoned.
You feel very sick.
You enter the shallow water.
Moving in this stuff is going to be slow.
You feel extremely sick.
The tyrant leech is engulfed in poison gas.
The tyrant leech is poisoned.
The alligator is engulfed in poison gas.
The alligator is poisoned.
The alligator is struck by your spines.
The alligator bites you but does no damage.
The alligator tail-slaps you.
You feel a strong urge to attack something.
You feel extremely sick.
You are no longer berserk.
You are exhausted.
You feel yourself slow down.
* * * LOW HITPOINT WARNING * * *
You feel extremely sick.
Your skin crawls.
You feel strong-willed.
You can no longer call in reinforcements.
* * * LOW HITPOINT WARNING * * *
You feel extremely sick. The alligator bites you!!
You die...

♣♣♣♣♣♣....#'#...~.( ♣♣♣♣♣♣♣♣♣
♣♣...♣..##....#..... ♣♣~.....~♣♣
♣.~~~[.#......##....
♣..~~.....♣♣♣♣.~~~..#÷..#...#...~
♣.~~~~§...~♣♣♣.~~..#...##..#..~.
♣.~~~~~~...~♣♣♣♣...#...#...#....
♣.§~~~~~.~~.~♣♣~...#......##....
♣♣...~~~~.~~~♣♣♣.~~..##...##.....
.......§~..~♣♣ ♣@~~~..#####..~...
~~~.~..~~..♣☼♣♣♣t~~~§.........~..
~~~~..~~i..♣w°°~~~~~~~...........
.~~...~i.♣♣~○○.D...~~~~~~....~..~
~~~~..~..♣♣~§~.°~~~~~~~~........~
♣....>~~.♣♣♣.~..~~~~~.~~.♣.~...~.
~♣....~~~~♣~...~.~~~~....♣♣.~.♣♣§
♣~.......♣.....♣...~..♣♣♣♣♣.♣♣..
.~~~~~(....~.....~♣♣♣~♣ ♣♣♣♣♣~


You could see an alligator (strong, poisoned) and a swamp dragon (strong).

Vanquished Creatures
  Rupert (D:13)
  Jorgrun (D:13)
  Gastronok (Lair:1)
  Kirke (D:13)
  A bunyip (Swamp:1)
  A shambling mangrove (Swamp:1)
  Fannar (Lair:1)
  A rakshasa (D:13)
  5 hydras
  4 ogre magi
  Erica (D:9)
  A catoblepas (D:13)
  An alligator (Swamp:1)
  4 boulder beetles
  3 centaur warriors
  19 two-headed ogres
  Amaemon (D:9)
  Nergalle (Lair:1)
  2 goliath frogs
  3 skeletal warriors (D:14)
  A spriggan druid (Swamp:1)
  Lodul (D:12)
  A bog body (Swamp:1)
  An orc knight (Orc:1)
  An ugly thing (D:13)
  3 cyclopes
  Pikel (D:8)
  An elephant (D:8)
  A faun (shapeshifter) (D:14)
  An orc sorcerer (Orc:1)
  A manticore (D:14)
  A black mamba (shapeshifter) (D:14)
  4 black mambas
  An orange demon (D:9)
  A torpor snail (Lair:1)
  2 gargoyles
  12 cane toads
  6 komodo dragons
  Jeremiah (D:9)
  2 kobold demonologists (D:11)
  2 unseen horrors
  A rime drake (Lair:3)
  6 kobold blastminers (Orc:1)
  A tengu conjurer (D:13)
  3 meliai
  4 trolls
  Grinder (D:6)
  A hornet (Lair:3)
  Prince Ribbit (D:8)
  3 dream sheep (Lair:1)
  12 blink frogs
  4 water elementals (D:12)
  Sigmund (D:6)
  45 yaks
  A vampire (D:10)
  2 spriggans (Swamp:1)
  A spriggan (shapeshifter) (D:14)
  A wyvern (D:7)
  3 hogs (D:13)
  A fire bat (Volcano)
  4 shadows
  7 basilisks
  A steam dragon (Lair:3)
  10 vampire mosquitoes
  Menkaure (D:7)
  A swamp worm (Swamp:1)
  4 wargs
  4 hell hounds (Volcano)
  Duvessa (D:6)
  12 water moccasins
  2 ice beasts
  A sky beast (D:6)
  6 black bears
  14 orc warriors
  Pargi (Sewer)
  38 ogres
  16 centaurs
  2 phantoms
  12 bullfrogs
  2 kobold brigands (D:11)
  A gnoll sergeant (D:8)
  4 scorpions
  10 wights
  Dowan (D:6)
  7 howler monkeys
  A quasit (D:7)
  2 jellies (D:6)
  2 gnoll boudas
  12 orc priests
  7 hounds
  A sleepcap (D:7)
  6 iguanas
  11 hell rats (Lair:3)
  14 orc wizards
  15 gnolls
  7 river rats (Lair:3)
  13 adders
  6 shadow imps
  3 white imps
  5 ufetubi (D:6)
  3 worms
  2 dart slugs
  45 orcs
  2 ball pythons
  10 bats
  6 endoplasms
  3 giant cockroaches
  5 goblins
  6 hobgoblins
  5 jackals
  12 kobolds
  3 quokkas
  7 frilled lizards
  10 rats
  A spectral orc (D:6)
577 creatures vanquished.

Vanquished Creatures (collateral kills)
  2 centaurs (D:13)
2 creatures vanquished.

Grand Total: 579 creatures vanquished

Notes
Turn   | Place    | Note
-------+----------+-------------------------------------------
     0 | D:1      | dethox the Demonspawn Berserker began the quest for the
                  | Orb.
     0 | D:1      | Reached XP level 1. HP: 18/18 MP: 1/1
   208 | D:1      | Gained mutation: You are partially covered in sharp spines.
                  | [demonic ancestry]
   208 | D:1      | Reached XP level 2. HP: 24/24 MP: 2/2
   605 | D:2      | Gained mutation: You are mostly covered in sharp spines.
                  | [demonic ancestry]
   605 | D:2      | Reached XP level 3. HP: 28/29 MP: 3/3
  1046 | D:2      | Reached XP level 4. HP: 37/37 MP: 4/4
  1622 | D:3      | Found a hazy altar of Hepliaklqana.
  1626 | D:3      | Reached ** piety under Trog
  1686 | D:3      | Found a snail-covered altar of Cheibriados.
  1777 | D:3      | Reached skill level 4 in Fighting
  1980 | D:3      | Reached XP level 5. HP: 42/42 MP: 5/5
  1981 | D:3      | Found a glowing drain.
  1990 | Sewer    | Entered a sewer
  2051 | Sewer    | Noticed Pargi
  2060 | Sewer    | Killed Pargi
  2333 | D:3      | Found a faded altar of an unknown god.
  2338 | D:3      | Reached skill level 5 in Axes
  2429 | D:4      | Reached XP level 6. HP: 49/49 MP: 6/6
  2689 | D:4      | Found a staircase to the Ecumenical Temple.
  2717 | D:4      | Reached skill level 5 in Fighting
  2833 | D:4      | Reached XP level 7. HP: 56/56 MP: 7/7
  2917 | D:5      | Entered Level 5 of the Dungeon
  3226 | D:5      | Reached skill level 6 in Fighting
  3385 | D:5      | Gained mutation: You regenerate magic rapidly. [demonic
                  | ancestry]
  3385 | D:5      | Reached XP level 8. HP: 36/64 MP: 8/8
  4117 | D:6      | Reached skill level 7 in Fighting
  4165 | D:6      | Reached *** piety under Trog
  4416 | D:6      | Noticed Sigmund
  4432 | D:6      | Killed Sigmund
  4526 | D:6      | Noticed Grinder
  4536 | D:6      | Killed Grinder
  4537 | D:6      | Gained mutation: You have a small tail. [demonic ancestry]
  4537 | D:6      | Reached XP level 9. HP: 72/72 MP: 9/9
  4569 | D:6      | Found a basalt altar of Yredelemnul.
  4702 | D:6      | Noticed Duvessa
  4703 | D:6      | Noticed Dowan
  4712 | D:6      | Killed Duvessa
  4716 | D:6      | Killed Dowan
  5259 | D:7      | Noticed Menkaure
  5267 | D:7      | Killed Menkaure
  5268 | D:7      | Reached skill level 8 in Fighting
  5275 | D:7      | Found a shimmering blue altar of Sif Muna.
  5277 | D:7      | Found a bloodstained altar of Trog.
  5434 | D:7      | Found Sicas's Weapon Shoppe.
  5674 | D:7      | Reached skill level 10 in Axes
  5794 | D:8      | Noticed Pikel
  5809 | D:8      | Killed Pikel
  5843 | D:8      | Identified the +1 robe of the Illusory Hosts {Regen+ Str+2
                  | Int+3 Stlth+}
  5912 | D:8      | Gained mutation: You have a somewhat thin skeletal
                  | structure. (Dex +2, Stealth+) [demonic ancestry]
  5912 | D:8      | Reached XP level 10. HP: 71/82 MP: 10/10
  5985 | D:8      | Noticed an elephant
  6003 | D:8      | Killed an elephant
  6004 | D:8      | Reached skill level 5 in Armour
  6027 | D:8      | Noticed Prince Ribbit
  6045 | D:8      | Killed Prince Ribbit
  6154 | D:8      | Found a stormy altar of Qazlal.
  6374 | D:8      | Reached skill level 9 in Fighting
  6386 | D:8      | Found an iron altar of Okawaru.
  6431 | D:8      | Identified the +3 ring mail "Sethrim" {Str+2}
  6564 | D:8      | Found a staircase to the Lair.
  6769 | Lair:1   | Entered Level 1 of the Lair of Beasts
  6769 | Lair:1   | Noticed a cane toad
  6774 | Lair:1   | Killed a cane toad
  7145 | Lair:2   | Noticed a cane toad
  7159 | Lair:2   | Killed a cane toad
  7273 | Lair:2   | Gained mutation: You have a tail ending in a sharp stinger.
                  | [demonic ancestry]
  7273 | Lair:2   | Reached XP level 11. HP: 65/90 MP: 11/11
  7379 | Lair:1   | Noticed Gastronok
  7622 | Lair:1   | Reached **** piety under Trog
  7623 | Lair:1   | Reached skill level 10 in Fighting
  7629 | Lair:1   | Noticed Fannar
  7657 | Lair:1   | Killed Fannar
  7790 | Lair:1   | Noticed Nergalle
  7798 | Lair:1   | Killed Nergalle
  8481 | Lair:2   | Noticed a five-headed hydra
  8485 | Lair:2   | Killed a six-headed hydra
  9116 | Lair:1   | Killed Gastronok
  9193 | Lair:1   | Reached XP level 12. HP: 89/99 MP: 12/12
  9293 | Lair:1   | Reached skill level 11 in Fighting
  9559 | Lair:1   | You fall into a shaft and drop 1 floor!
  9888 | D:9      | Found a staircase to the Orcish Mines.
 10166 | D:9      | Noticed Amaemon
 10194 | D:9      | Killed Amaemon
 10396 | D:9      | Noticed Jeremiah
 10413 | D:9      | Killed Jeremiah
 10504 | D:9      | Found a shimmering altar of Xom.
 10525 | D:9      | Noticed Erica
 10536 | D:9      | Killed Erica
 10968 | D:10     | Entered Level 10 of the Dungeon
 11002 | D:10     | Noticed a two-headed ogre
 11027 | D:10     | Noticed a two-headed ogre
 11037 | D:10     | Killed a two-headed ogre
 11179 | D:10     | Found a sparkling altar of Nemelex Xobeh.
 11290 | D:10     | Killed a two-headed ogre
 11375 | D:7      | Bought the +6 broad axe of Niadgh {drain, rElec Int+2} for
                  | 831 gold pieces
 11462 | Orc:1    | Entered Level 1 of the Orcish Mines
 11530 | Orc:1    | Reached skill level 12 in Fighting
 11901 | D:9      | Gained mutation: Your magical capacity is low. (-10% MP)
                  | [potion of mutation]
 11901 | D:9      | Gained mutation: You occasionally lose the ability to drink
                  | potions when taking damage. [potion of mutation]
 11904 | D:9      | Lost mutation: Your magical capacity is low. (-10% MP)
                  | [potion of mutation]
 11904 | D:9      | Lost mutation: You occasionally lose the ability to drink
                  | potions when taking damage. [potion of mutation]
 11904 | D:9      | Gained mutation: Your spells are a little harder to cast,
                  | but a little more powerful. [potion of mutation]
 11904 | D:9      | Gained mutation: Potions are less effective at restoring
                  | your health. [potion of mutation]
 11904 | D:9      | Gained mutation: You have sharp toenails. [potion of
                  | mutation]
 12267 | Orc:2    | Entered Level 2 of the Orcish Mines
 12727 | Orc:2    | Found a dark tunnel.
 12741 | Volcano  | Entered a volcano
 12816 | Volcano  | Noticed a two-headed ogre
 12826 | Volcano  | Killed a two-headed ogre
 12827 | Volcano  | Reached XP level 13. HP: 109/109 MP: 13/13
 12904 | Volcano  | Reached skill level 15 in Axes
 13271 | Orc:2    | Found Isuma's Book Shop.
 13272 | Orc:2    | Found Kizyrch's Assorted Antiques.
 13272 | Orc:2    | Found Siommuac's Antique Weapon Shop.
 13272 | Orc:2    | Found Kipump's Assorted Antiques.
 13725 | Orc:2    | Found Waesee's General Store.
 13732 | Orc:2    | Found a staircase to the Elven Halls.
 13734 | Orc:2    | Found Ruavuall's Specific Store.
 13889 | Orc:2    | Reached skill level 13 in Fighting
 13897 | Orc:2    | Paralysed by an ogre mage for 5 turns
 13922 | Orc:2    | HP: 1/111 [something/bolt of magma (25)]
 14437 | Orc:2    | Reached skill level 10 in Armour
 15206 | D:10     | Found a hide-covered altar of Uskayaw.
 16669 | D:12     | Reached skill level 14 in Fighting
 16678 | D:12     | Gained mutation: When hurt, damage is shared between your
                  | health and your magic reserves. [demonic ancestry]
 16678 | D:12     | Reached XP level 14. HP: 118/120 MP: 14/14
 16795 | D:12     | Reached ***** piety under Trog
 17206 | Orc:2    | Bought a manual of Fighting for 1120 gold pieces
 17514 | Lair:3   | Identified the +9 arbalest of the Weak God {heavy, rF+
                  | rCorr Int-3}
 17515 | Lair:3   | Found a staircase to the Snake Pit.
 17671 | Lair:3   | Reached skill level 15 in Fighting
 17963 | Lair:3   | Found a staircase to the Swamp.
 18442 | Lair:3   | Reached skill level 16 in Fighting
 18442 | Lair:3   | Reached XP level 15. HP: 131/131 MP: 15/15
 18502 | Lair:3   | Received a gift from Trog
 18938 | D:7      | Upgraded the game from 0.31-a0-1093-gadecf4124d to
                  | 0.31-a0-1098-g6898e6545c
 19059 | D:13     | Identified the +1 robe of Otol {Contam Str+3 Dex+5}
 19091 | D:13     | Noticed Rupert
 19097 | D:13     | Killed Rupert
 19596 | D:13     | Noticed Jorgrun
 20088 | D:13     | Killed Jorgrun
 20157 | D:13     | Reached skill level 17 in Fighting
 20170 | D:13     | Noticed Lodul
 20185 | D:13     | Noticed Kirke
 20195 | D:12     | Killed Lodul
 20295 | D:13     | Killed Kirke
 20330 | D:13     | Identified the +8 ring mail of a volcano {*Slow Str-5
                  | Dex+8}
 20696 | D:13     | Lost mutation: Your spells are a little harder to cast, but
                  | a little more powerful. [potion of mutation]
 20696 | D:13     | Lost mutation: Potions are less effective at restoring your
                  | health. [potion of mutation]
 20696 | D:13     | Gained mutation: You are occasionally teleported next to
                  | monsters. [potion of mutation]
 20697 | D:13     | Lost mutation: You have sharp toenails. [potion of
                  | mutation]
 20697 | D:13     | Lost mutation: You are occasionally teleported next to
                  | monsters. [potion of mutation]
 20697 | D:13     | Gained mutation: You are vulnerable to heat. (rF-) [potion
                  | of mutation]
 20697 | D:13     | Gained mutation: You sometimes lose your temper in combat.
                  | [potion of mutation]
 20698 | D:13     | Lost mutation: You are vulnerable to heat. (rF-) [potion of
                  | mutation]
 20698 | D:13     | Lost mutation: You sometimes lose your temper in combat.
                  | [potion of mutation]
 20698 | D:13     | Gained mutation: Your mind is acute. (Int +4, Str/Dex -1)
                  | [potion of mutation]
 20698 | D:13     | Gained mutation: Your mind is very acute. (Int +8, Str/Dex
                  | -2) [potion of mutation]
 20698 | D:13     | Gained mutation: You possess an exceptional clarity of
                  | mind. [potion of mutation]
 20699 | D:13     | Lost mutation: Your mind is very acute. (Int +8, Str/Dex
                  | -2) [potion of mutation]
 20699 | D:13     | Lost mutation: Your mind is acute. (Int +4, Str/Dex -1)
                  | [potion of mutation]
 20699 | D:13     | Lost mutation: You possess an exceptional clarity of mind.
                  | [potion of mutation]
 20699 | D:13     | Gained mutation: You have a moderately thin skeletal
                  | structure. (Dex +4, Stealth++) [potion of mutation]
 20699 | D:13     | Gained mutation: You are frail. (-10% HP) [potion of
                  | mutation]
 20910 | D:14     | Found a frozen archway.
 21372 | D:14     | Found a gate to the Vaults.
 21555 | D:14     | Found a shimmering blue altar of Sif Muna.
 21871 | Temple   | Entered the Ecumenical Temple
 22056 | Swamp:1  | Entered Level 1 of the Swamp
 22382 | Swamp:1  | Reached skill level 18 in Fighting
 22629 | Swamp:1  | Reached XP level 16. HP: 128/128 MP: 13/16
 22713 | Swamp:1  | Slain by an alligator

Illustrated notes

Levels and vault maps discovered:
D:1:      nagdon_arrival_zigzag_paths, layout_rooms, minmay_pentomino_x2
D:2:      layout_basic, dreamdust_mushroom_princess, nrook_loot_triangle,
          nicolae_eternal_life
D:3:      layout_rooms, mainiacjoe_overflow_tiny_flanked,
          mainiacjoe_overflow_cross_hatched, shapermc_ecumenical_altar_pompeii,
          portal_sewer_entry_d, st_stairs_7, hangedman_decor_push,
          dk_noncrumbling_4
D:4:      layout_rooms, minmay_temple_entry_slanted
D:5:      layout_gridville, hangedman_glass_teeth
D:6:      layout_basic, yredelemnul_forgotten_temple_becter, uniq_duvessa,
          uniq_sigmund, uniq_grinder
D:7:      wander_river, layout_rooms, hellmonk_overflow_destroyed_library,
          serial_shops, shop, serial_demonic, serial_demonic_g,
          serial_demonic_d, serial_demonic_f, serial_demonic_c,
          serial_demonic_e, serial_demonic_f, serial_demonic_b,
          serial_demonic_c, david_defended_altar_orc, uniq_menkaure
D:8:      layout_rooms, lemuel_doored_altar, nicolae_qazlal_general_emergency,
          grunt_lair_entry_orc_guard_hut, grunt_ministairs_12,
          uniq_prince_ribbit1, uniq_pikel
D:9:      layout_roguey, xom_teletrap_fun, minmay_orc_entry_temple_small,
          uniq_jeremiah, uniq_amaemon, uniq_erica
D:10:     layout_long_grid, nicolae_overflow_hidden_temple, kennysheep_mini,
          minmay_rotating_lava
D:11:     layout_small_grid
D:12:     layout_roguey, nicolae_underground_beach
D:13:     layout_basic, chequers_jeans, uniq_kirke, uniq_lodul, uniq_rupert,
          uniq_jorgrun
D:14:     layout_basic, david_vaults_2, portal_ice_cave_entry_pillars_1,
          hellmonk_sif_muna_bookshelves
Temple:   nicolae_temple_slightly_damp_pantheon
Lair:1:   layout_cave_pods, evilmike_ambush [evilmike_ambush_outer_doors,
          evilmike_ambush_inner_cross], uniq_gastronok, uniq_nergalle,
          uniq_fannar
Lair:2:   layout_cave_shapes, grunt_megastairs_2
Lair:3:   layout_roguey, mainiacjoe_swamp_entry_lozenge_pond,
          minmay_snake_entry_six_corridors, minmay_holes,
          kennysheep_abandoned_house, grunt_megastairs_1
Swamp:1:  layout_basic_swamp, serial_swamp_ruin, evilmike_swamp_ruin_house_2,
          evilmike_swamp_ruin_house_3
Orc:1:    layout_caves, lemuel_statue_altar
Orc:2:    st_orc_ogre_mass, layout_diamond_mine,
          nicolae_volcano_entry_lava_flow, nicolae_specific_store

Skill      XL: |  1  2  3  4  5  6  7  8  9 10 11 12 13 14 15 |
---------------+----------------------------------------------+-----
Axes           | 3 4 5 6 7 9 10 12 13 14 16 17 | 17.8
Fighting       | 4 5 6 7 8 9 10 12 14 16 18 | 18.2
Armour         | 2 4 6 7 9 10 11 | 11.3
Dodging        | |  1.9

Action                     |  1- 3 |  4- 6 |  7- 9 | 10-12 | 13-15 | 16-18 || total
---------------------------+-------+-------+-------+-------+-------+-------++-------
  Melee: Hand axe          |    52 |    95 |   250 |    58 |       |       ||   455
         Punch             |       |       |     6 |     1 |     7 |       ||    14
         Tailslap          |       |       |    21 |    50 |    97 |     2 ||   170
         Battleaxe         |       |       |       |   220 |       |       ||   220
         Broad axe         |       |       |       |    55 |   549 |     8 ||   612
 Invoke: Berserk           |       |     3 |    11 |    18 |    18 |     1 ||    51
         Trog's Hand       |       |     1 |     4 |     9 |     9 |     2 ||    25
         Brothers in Arms  |       |       |       |       |     3 |       ||     3
    Use: Scroll            |       |       |       |    16 |     8 |       ||    24
         Potion            |       |       |       |     6 |    12 |     1 ||    19
 Armour: Animal skin       |     8 |       |       |       |       |       ||     8
         Scale mail        |     3 |       |       |       |       |       ||     3
         Skin              |     1 |       |       |       |       |       ||     1
         Plate armour      |    29 |    77 |   224 |   355 |   552 |    10 ||  1247
  Dodge: Dodged            |    19 |    30 |    66 |   134 |   276 |     1 ||   526
  Block: Buckler           |       |       |       |       |    52 |       ||    52

Table legend: (Time is in decaauts)
 A = Elapsed time spent in this place.
 B = Non-inter-level travel time spent in this place.
 C = Inter-level travel time spent in this place.
 D = Time resting spent in this place.
 E = Time spent auto-exploring this place.
 F = Levels seen in this place.
 G = Mean time per level.
                   A        B        C        D        E       F      G
               +--------+--------+--------+--------+--------+-----+--------+
         Total |  23167 |  17510 |   5657 |   3552 |   9893 |  23 | 1007.3 |
       Dungeon |  14097 |  10504 |   3593 |   1326 |   6864 |  14 | 1006.9 |
        Temple |      3 |      3 |      0 |      0 |      0 |   1 |    3.0 |
          Lair |   5108 |   3980 |   1128 |   1198 |   2042 |   3 | 1702.7 |
         Swamp |    389 |    356 |     33 |      0 |    240 |   1 |  389.0 |
  Orcish Mines |   3118 |   2217 |    901 |    975 |    581 |   2 | 1559.0 |
         Sewer |    153 |    153 |      0 |     48 |     31 |   1 |  153.0 |
       Volcano |    295 |    295 |      0 |      4 |    134 |   1 |  295.0 |
               +--------+--------+--------+--------+--------+-----+--------+

Top non-repeatable levels by time:
  Lair:3: 1876 daAuts
  Lair:2: 1630 daAuts
  Lair:1: 1601 daAuts
     D:9: 1595 daAuts
   Orc:1: 1559 daAuts
   Orc:2: 1559 daAuts
     D:8: 1281 daAuts
     D:6: 1264 daAuts
    D:12: 1255 daAuts
    D:13: 1229 daAuts
     D:5: 1019 daAuts
    D:10: 994 daAuts
     D:7: 930 daAuts
     D:2: 884 daAuts
    D:14: 850 daAuts
